AoeStats
← Babifort

Arabian Desert

510719701Analyzed
1v1 RM · 17h ago on Oct 2, 2026· 32m 42s· 2 players
Game mode
Random Map
Map size
Tiny (2 player)
Population
200
Speed
Normal
Resources
Standard
Victory
Conquest
Starting age
Dark Age
Ending age
Imperial Age
RankedLock teamsTeams togetherTeam positionsShared explorationLock speedFull tech treeHidden civsTurbo modeCheats
Victory
Defeat
🇻🇳 Hindustanis · Vietnam
1626
+13
🇫🇷 Malians · France
1550
-13
DKM_TauKhua
7:02 Loom
9:22 Feudal Age
9:24 Man-at-Arms
9:50 Double-Bit Axe
13:11 Horse Collar
14:27 Fletching
16:09 Padded Archer Armor
23:34 Castle Age
22:17 Gold Mining
22:42 Scale Barding Armor
23:41 Crossbowman
24:18 Bodkin Arrow
24:34 Bow Saw
27:33 Wheelbarrow
27:16 Bloodlines
27:19 Forging
29:31 Hand Cart
29:26 Town Watch
29:47 Stone Mining
32:23 Chain Barding Armor
32:04 Husbandry
Babifort
7:01 Loom
9:17 Feudal Age
9:55 Double-Bit Axe
10:47 Horse Collar
17:23 Fletching
18:19 Wheelbarrow
23:20 Castle Age
22:36 Scale Barding Armor
27:38 Pikeman
31:39 Scale Mail Armor
Connection lost

Rejoining the realm…

Still unreachable

The connection could not be restored.

Session expired

The server has moved on; the page needs a fresh start.